[ AOE2 MATCH · #489859328 ]
UnrankedByzantines vs Slavs
Player's team · LOSS
Rival team · WIN
[ REPLAY ANALYSIS · EXTRACTED FROM THE RECORDED GAME ]
Feudal
9:16
Castle
24:08
Imperial
—
| APM avg | 30.2 |
| APM peak | 82 |
| eAPM avg | 14.2 |
| Villagers / military | 59 / 4 |
Focus
⚔️ 31.0% · 🌾 69.0%
Mangonel ×3 · Scorpion ×1
Feudal
9:54
Castle
24:26
Imperial
—
| APM avg | 44.0 |
| APM peak | 85 |
| eAPM avg | 20.3 |
| Villagers / military | 77 / 41 |
Focus
⚔️ 39.1% · 🌾 60.9%
Cavalry Archer ×22 · Archer ×12 · Mangonel ×3 · Militia ×2 · Boyar ×1 · Battering Ram ×1
Match map
Initial resources + every placement click. Lines = walls · curves = elevation contours. ◆ gold · ⬟ stone · ● berries · ✦ relic · ◌ wall gap
Your base· Open — unwalled flank
Carlos Chilipips's base· Open — unwalled flank
Smoothed initial terrain · ◌ = detected wall gap · hover for details
Inputs per minute
— DS_Gitano Urbano - - Carlos Chilipips
Build order — DS_Gitano Urbano
138 actions detected in the replay
| 0:00 | Create | Villager (Male) ×4 |
| 0:02 | Build | House |
| 0:03 | Build | House |
| 1:20 | Build | Mill |
| 1:23 | Create | Villager (Male) |
| 1:53 | Create | Villager (Male) |
| 2:30 | Create | Villager (Male) |
| 2:31 | Create | Villager (Male) |
| 2:52 | Create | Villager (Male) |
| 3:04 | Create | Villager (Male) |
| 3:28 | Create | Villager (Male) |
| 3:36 | Create | Villager (Male) |
| 3:53 | Build | House |
| 3:56 | Build | House |
| 4:03 | Create | Villager (Male) |
| 4:23 | Create | Villager (Male) |
| 5:00 | Create | Villager (Male) |
| 5:29 | Create | Villager (Male) |
| 5:44 | Build | Lumber Camp |
| 6:03 | Create | Villager (Male) |
| 6:12 | Create | Villager (Male) |
| 6:41 | Research | Loom |
| 7:04 | Research | Feudal Age |
| 7:55 | Build | Mining Camp |
| 9:00 | Create | Villager (Male) |
| 9:16 | Age | Feudal Age |
| 9:19 | Build | Watch Tower |
| 9:24 | Build | Palisade Wall |
| 9:26 | Build | Palisade Wall |
| 9:27 | Build | Palisade Wall |
| 9:28 | Build | Palisade Wall |
| 9:29 | Build | Palisade Wall |
| 9:31 | Build | Palisade Wall |
| 9:33 | Build | Palisade Wall |
| 9:37 | Build | Watch Tower |
| 9:39 | Create | Villager (Male) |
| 9:42 | Research | Double-Bit Axe |
| 9:49 | Create | Villager (Male) |
| 10:22 | Create | Villager (Male) |
| 10:26 | Build | Watch Tower |
| 10:47 | Create | Villager (Male) |
| 10:51 | Build | Palisade Wall |
| 10:53 | Build | Palisade Wall |
| 10:56 | Build | Palisade Wall |
| 10:58 | Build | Palisade Wall |
| 11:00 | Build | Palisade Wall |
| 11:04 | Build | Palisade Wall |
| 11:13 | Create | Villager (Male) |
| 11:46 | Create | Villager (Male) |
| 11:54 | Build | House |
| 12:11 | Build | Blacksmith |
| 12:12 | Create | Villager (Male) |
| 12:40 | Create | Villager (Male) |
| 13:00 | Build | Watch Tower |
| 13:02 | Build | House |
| 13:38 | Build | Watch Tower |
| 13:44 | Research | Fletching |
| 14:06 | Create | Villager (Male) |
| 14:13 | Build | Watch Tower |
| 14:54 | Create | Villager (Male) |
| 15:11 | Build | House |
| 15:13 | Create | Villager (Male) |
| 15:16 | Build | Mill |
| 15:39 | Build | Watch Tower |
| 15:51 | Create | Villager (Male) |
| 16:09 | Build | Farm |
| 16:09 | Build | Farm |
| 16:10 | Build | Farm |
| 16:10 | Build | Farm |
| 16:10 | Build | Farm |
| 16:39 | Build | House |
| 16:50 | Build | Watch Tower |
| 17:00 | Build | Watch Tower |
| 17:14 | Create | Villager (Male) |
| 17:29 | Create | Villager (Male) |
| 17:56 | Create | Villager (Male) |
| 18:19 | Build | Mining Camp |
| 18:23 | Create | Villager (Male) |
| 18:31 | Build | Farm |
| 18:34 | Build | Farm |
| 18:41 | Build | Farm |
| 18:41 | Build | Farm |
| 18:42 | Research | Wheelbarrow |
| 18:52 | Create | Villager (Male) |
| 18:58 | Build | Watch Tower |
| 19:04 | Build | Palisade Wall |
| 19:05 | Build | Palisade Wall |
| 19:05 | Build | Palisade Wall |
| 19:06 | Build | Palisade Wall |
| 19:07 | Build | Palisade Wall |
| 19:07 | Build | Palisade Wall |
| 19:09 | Build | Palisade Wall |
| 19:19 | Build | Market |
| 19:42 | Build | House |
| 20:29 | Create | Villager (Male) |
| 20:57 | Create | Villager (Male) |
| 21:28 | Research | Castle Age |
| 21:42 | Research | Horse Collar |
| 21:48 | Build | House |
| 22:00 | Build | Lumber Camp |
| 22:36 | Build | Lumber Camp |
| 24:08 | Age | Castle Age |
| 24:11 | Create | Villager (Male) |
| 24:15 | Research | Bodkin Arrow |
| 24:20 | Create | Villager (Male) |
| 24:42 | Create | Villager (Male) |
| 24:53 | Create | Villager (Male) |
| 25:18 | Create | Villager (Male) |
| 25:27 | Build | Siege Workshop |
| 25:32 | Create | Villager (Male) |
| 25:40 | Build | Farm |
| 25:56 | Build | Lumber Camp |
| 26:03 | Create | Villager (Male) |
| 26:13 | Create | Villager (Male) |
| 26:18 | Create | Mangonel |
| 27:00 | Create | Villager (Male) |
| 27:05 | Build | House |
| 27:32 | Create | Villager (Male) |
| 27:57 | Create | Villager (Male) |
| 28:08 | Build | Castle |
| 28:15 | Create | Mangonel |
| 28:21 | Create | Villager (Male) |
| 28:31 | Create | Villager (Male) |
| 28:48 | Create | Villager (Male) |
| 28:48 | Create | Villager (Male) |
| 29:06 | Create | Villager (Male) |
| 29:24 | Create | Villager (Male) |
| 30:02 | Create | Scorpion |
| 30:20 | Create | Villager (Male) |
| 30:25 | Build | Farm |
| 30:51 | Build | Castle |
| 31:01 | Create | Villager (Male) |
| 31:08 | Create | Mangonel |
| 31:22 | Build | Mill |
| 31:26 | Build | Barracks |
| 31:28 | Create | Villager (Male) |
| 31:40 | Build | Mining Camp |
| 31:42 | Create | Villager (Male) |
Build order — Carlos Chilipips
First 150 of 177 actions detected
| 0:00 | Create | Villager (Male) |
| 0:01 | Create | Villager (Male) |
| 0:02 | Build | House |
| 0:03 | Build | House |
| 0:10 | Create | Villager (Male) |
| 0:22 | Create | Villager (Male) |
| 1:29 | Create | Villager (Male) |
| 1:53 | Create | Villager (Male) |
| 1:56 | Build | Lumber Camp |
| 2:24 | Create | Villager (Male) |
| 2:54 | Create | Villager (Male) |
| 3:17 | Create | Villager (Male) |
| 3:39 | Create | Villager (Male) |
| 3:40 | Create | Villager (Male) |
| 4:06 | Create | Villager (Male) |
| 4:07 | Create | Villager (Male) |
| 4:16 | Build | House |
| 4:20 | Research | Loom |
| 4:40 | Build | Mill |
| 4:43 | Create | Villager (Male) |
| 4:43 | Create | Villager (Male) |
| 5:12 | Build | Palisade Gate |
| 5:19 | Create | Villager (Male) |
| 5:24 | Create | Villager (Male) |
| 5:29 | Create | Villager (Male) |
| 5:29 | Create | Villager (Male) |
| 6:30 | Build | Barracks |
| 6:40 | Create | Villager (Male) |
| 6:58 | Create | Villager (Male) |
| 7:19 | Build | House |
| 7:44 | Research | Feudal Age |
| 8:07 | Create | Militia |
| 8:07 | Create | Militia |
| 8:37 | Create | Villager (Male) |
| 8:43 | Build | Mining Camp |
| 9:32 | Create | Villager (Male) |
| 9:54 | Age | Feudal Age |
| 9:55 | Research | Man-at-Arms (upgrade) |
| 10:18 | Create | Villager (Male) |
| 10:23 | Build | Archery Range |
| 10:36 | Create | Villager (Male) |
| 10:43 | Build | Watch Tower |
| 10:50 | Create | Villager (Male) |
| 10:52 | Build | Mining Camp |
| 11:31 | Build | House |
| 11:36 | Build | Palisade Wall |
| 11:37 | Build | Palisade Wall |
| 11:43 | Build | Farm |
| 11:45 | Build | Farm |
| 11:47 | Build | Farm |
| 11:48 | Create | Villager (Male) |
| 11:57 | Build | Archery Range |
| 12:01 | Build | Farm |
| 12:08 | Build | Outpost |
| 12:13 | Build | Farm |
| 12:27 | Build | House |
| 12:38 | Build | Farm |
| 12:53 | Create | Archer |
| 12:59 | Create | Villager (Male) |
| 13:22 | Build | House |
| 13:23 | Create | Villager (Male) |
| 13:24 | Create | Archer |
| 13:50 | Build | Mining Camp |
| 13:52 | Create | Villager (Male) |
| 14:01 | Create | Villager (Male) |
| 14:32 | Create | Archer |
| 14:53 | Create | Archer |
| 15:03 | Create | Villager (Male) |
| 15:05 | Create | Villager (Male) |
| 15:23 | Create | Villager (Male) |
| 15:29 | Build | Mill |
| 15:35 | Create | Archer |
| 16:02 | Build | Blacksmith |
| 16:12 | Create | Archer |
| 16:24 | Build | Farm |
| 16:25 | Build | Farm |
| 16:27 | Build | Farm |
| 16:42 | Research | Fletching |
| 16:42 | Create | Villager (Male) |
| 16:43 | Create | Villager (Male) |
| 16:46 | Build | Farm |
| 16:50 | Build | Watch Tower |
| 16:57 | Create | Villager (Male) |
| 17:46 | Create | Villager (Male) |
| 17:47 | Create | Villager (Male) |
| 17:47 | Create | Villager (Male) |
| 17:51 | Create | Archer |
| 18:05 | Build | Farm |
| 18:13 | Create | Archer |
| 18:22 | Create | Archer |
| 18:23 | Build | Farm |
| 18:27 | Build | Farm |
| 18:30 | Build | Lumber Camp |
| 18:51 | Create | Villager (Male) |
| 19:09 | Create | Villager (Male) |
| 19:15 | Build | Farm |
| 19:19 | Create | Villager (Male) |
| 19:50 | Create | Villager (Male) |
| 19:57 | Build | House |
| 20:09 | Create | Archer |
| 20:10 | Create | Villager (Male) |
| 20:27 | Research | Double-Bit Axe |
| 20:28 | Create | Villager (Male) |
| 20:45 | Create | Villager (Male) |
| 20:57 | Create | Archer |
| 21:01 | Create | Villager (Male) |
| 21:15 | Build | Market |
| 21:18 | Create | Villager (Male) |
| 21:38 | Create | Villager (Male) |
| 21:46 | Research | Castle Age |
| 21:55 | Build | Archery Range |
| 22:20 | Research | Padded Archer Armor |
| 23:00 | Create | Villager (Male) |
| 23:25 | Create | Villager (Male) |
| 23:34 | Create | Archer |
| 23:40 | Build | House |
| 24:26 | Age | Castle Age |
| 24:30 | Build | Siege Workshop |
| 24:35 | Research | Horse Collar |
| 24:36 | Research | Bodkin Arrow |
| 24:38 | Research | Crossbowman (upgrade) |
| 24:42 | Create | Cavalry Archer |
| 24:42 | Create | Cavalry Archer |
| 24:52 | Create | Mangonel |
| 24:56 | Create | Battering Ram |
| 24:58 | Create | Mangonel |
| 25:00 | Create | Villager (Male) |
| 25:08 | Create | Cavalry Archer |
| 25:13 | Research | Gold Mining |
| 25:16 | Create | Villager (Male) |
| 25:56 | Create | Cavalry Archer |
| 25:56 | Create | Cavalry Archer |
| 26:11 | Create | Villager (Male) |
| 26:11 | Create | Villager (Male) |
| 26:13 | Create | Cavalry Archer |
| 26:13 | Create | Cavalry Archer |
| 26:37 | Create | Villager (Male) |
| 27:02 | Create | Villager (Male) |
| 27:03 | Create | Cavalry Archer |
| 27:03 | Create | Cavalry Archer |
| 27:12 | Create | Villager (Male) |
| 27:28 | Create | Mangonel |
| 27:29 | Build | House |
| 27:30 | Create | Cavalry Archer |
| 27:31 | Create | Cavalry Archer |
| 28:00 | Create | Cavalry Archer |
| 28:01 | Create | Cavalry Archer |
| 28:16 | Create | Villager (Male) |
| 28:22 | Build | Castle |
| 28:42 | Create | Villager (Male) |
Match timeline
| 6:30 | Carlos Chilipips · first_building Barracks |
| 9:16 | DS_Gitano Urbano · age_up feudal |
| 9:24 | DS_Gitano Urbano · wall_segment Palisade Wall x1 |
| 9:26 | DS_Gitano Urbano · wall_segment Palisade Wall x1 |
| 9:27 | DS_Gitano Urbano · wall_segment Palisade Wall x1 |
| 9:28 | DS_Gitano Urbano · wall_segment Palisade Wall x1 |
| 9:29 | DS_Gitano Urbano · wall_segment Palisade Wall x1 |
| 9:31 | DS_Gitano Urbano · wall_segment Palisade Wall x1 |
| 9:33 | DS_Gitano Urbano · wall_segment Palisade Wall x1 |
| 9:54 | Carlos Chilipips · age_up feudal |
| 10:23 | Carlos Chilipips · first_building Archery Range |
| 10:51 | DS_Gitano Urbano · wall_segment Palisade Wall x1 |
| 10:53 | DS_Gitano Urbano · wall_segment Palisade Wall x1 |
| 10:56 | DS_Gitano Urbano · wall_segment Palisade Wall x1 |
| 10:58 | DS_Gitano Urbano · wall_segment Palisade Wall x1 |
| 11:00 | DS_Gitano Urbano · wall_segment Palisade Wall x1 |
| 11:04 | DS_Gitano Urbano · wall_segment Palisade Wall x1 |
| 11:36 | Carlos Chilipips · wall_segment Palisade Wall x1 |
| 11:37 | Carlos Chilipips · wall_segment Palisade Wall x1 |
| 19:04 | DS_Gitano Urbano · wall_segment Palisade Wall x1 |
| 19:05 | DS_Gitano Urbano · wall_segment Palisade Wall x1 |
| 19:05 | DS_Gitano Urbano · wall_segment Palisade Wall x1 |
| 19:06 | DS_Gitano Urbano · wall_segment Palisade Wall x1 |
| 19:07 | DS_Gitano Urbano · wall_segment Palisade Wall x1 |
| 19:07 | DS_Gitano Urbano · wall_segment Palisade Wall x1 |
| 19:09 | DS_Gitano Urbano · wall_segment Palisade Wall x1 |
| 20:30 | DS_Gitano Urbano · first_market_buy 100 food |
| 21:00 | DS_Gitano Urbano · first_market_sell 100 stone |
| 24:08 | DS_Gitano Urbano · age_up castle |
| 24:26 | Carlos Chilipips · age_up castle |
| 24:30 | Carlos Chilipips · first_building Siege Workshop |
| 25:27 | DS_Gitano Urbano · first_building Siege Workshop |
| 28:08 | DS_Gitano Urbano · first_building Castle |
| 28:22 | Carlos Chilipips · first_building Castle |
| 31:26 | DS_Gitano Urbano · first_building Barracks |
| 31:52 | DS_Gitano Urbano · resign |
[ AI ANALYSIS · 1 CREDIT ]
What really happened in this match?
Wolo.gg analyzes every decision: build order, eco, micro, common mistakes by bracket. Personalized analysis on WhatsApp or Discord in 30 seconds.
Civ guide
Byzantines
Perfil
DS_Gitano Urbano